 Dungeon Crawl Stone Soup version 0.31-a0-408-gb642c7f9a3 (webtiles) character file.

Game seed: 2477729191905439053

4 drugrobin the Sneak (level 1, -2/18 HPs)
             Began as a Demigod Delver on July 30, 2023.
             Killed by nerve-wracking pain
             ... invoked by Jessica
              (11 damage)
             ... on level 3 of the Dungeon.
             The game lasted 00:01:46 (293 turns).

drugrobin the Sneak (Demigod Delver)                 Turns: 293, Time: 00:01:46

Health: -2/18      AC: 10    Str: 13    XL:     1   Next: 40%
Magic:  3/3        EV: 11    Int: 12    God:
Gold:   16         SH:  0    Dex: 15    Spells: 0/0 levels left

rFire   . . .        b - +0 mace (protect)
rCold   . . .        (no shield)
rNeg    . . .        h - +0 leather armour
rPois   .            (no helmet)
rElec   .            (no cloak)
rCorr   .            (no gloves)
SInv    .            (no boots)
Will    .....        (no amulet)
Stlth   +++          (no ring)
HPRegen 0.23/turn    (no ring)
MPRegen 0.08/turn

%: no passive effects
@: under a protective aura, slowed, very slow
A: high MP 1, forlorn, divine attributes
a: no special abilities


You were on level 3 of the Dungeon.
You visited 1 branch of the dungeon, and saw 3 of its levels.

You collected 16 gold pieces.

Inventory:

Hand Weapons
 a - a +0 hand axe
 b - a +0 mace of protection (weapon)
Missiles
 d - 2 throwing nets
Armour
 h - a +0 leather armour (worn)
Wands
 g - a wand of digging (2)
Scrolls
 c - 2 scrolls of fog
 e - a scroll of fear
 i - a scroll of identify {unknown}
Potions
 f - a potion of haste


   Skills:
 - Level 2.6 Fighting
 + Level 2.1 Axes
 - Level 1.7 Dodging
 - Level 4.5 Stealth


You couldn't memorise any spells.
You didn't know any spells.
Your spell library was empty.

Dungeon Overview and Level Annotations

Branches:
Dungeon (5/15)
 Temple: D:4-7

Annotations:
D:3 Grinder, Jessica


Innate Abilities, Weirdness & Mutations

You have an increased reservoir of magic. (+10% MP)
You shall have no god before yourself.
Your divine heritage dramatically boosts your attributes as you level up.


Message History

Jessica is nearby!
You start waiting.
Jessica is nearby!
You barely miss Jessica. Jessica hits you but does no damage.
Unknown command.
Unknown command.
You completely miss Jessica. Jessica hits you with a +0 club. x2
Unknown command.
Unknown command.
You hit Jessica.
Your weapon exudes an aura of protection.
Jessica is moderately wounded.
Jessica closely misses you.
Unknown command.
Unknown command.
You hit Jessica but do no damage.
Jessica is moderately wounded.
Jessica hits you but does no damage.
Unknown command.
Unknown command.
You hit Jessica.
Jessica is heavily wounded.
Jessica hits you but does no damage. Jessica hits you with a +0 club.
Unknown command.
Unknown command.
You hit Jessica but do no damage.
Jessica is heavily wounded.
Jessica casts a spell at you.
You feel yourself slow down.
Unknown command.
Unknown command.
Unknown command.
Unknown command.
You hit Jessica but do no damage.
Jessica is heavily wounded.
Jessica hits you but does no damage. Jessica gestures at you while chanting.
Pain shoots through your body!
Ouch! That really hurt!
You die...

#.##### #.....#
#####@###.# #
#.........# .#
#.###.###.# ..#
###.###..##.# ...#
#.....@..##.#
....##.#...#..##.#
....+.........##@#
....##.#......)@.#
...# #.##.....####
..# #.###.#.## .#
#(# #.#.# #
#.###.#.#
#.†.....#
#####.### #.#


You could see Jessica.

Vanquished Creatures
  2 ball pythons
  A hobgoblin (D:3)
  A frilled lizard (D:3)
4 creatures vanquished.

Notes
Turn   | Place    | Note
-------+----------+-------------------------------------------
     0 | D:5      | drugrobin the Demigod Delver began the quest for the Orb.
     0 | D:5      | Reached XP level 1. HP: 18/18 MP: 3/3
   234 | D:3      | Noticed Grinder
   261 | D:3      | Noticed Jessica
   293 | D:3      | Killed from afar by Jessica

Illustrated notes

Levels and vault maps discovered:
D:3:      layout_loops_corners, shapermc_ecumenical_altar_flowoftime,
          uniq_grinder, uniq_jessica
D:4:      layout_gridville, minmay_increasing_density, uniq_natasha,
          uniq_menkaure
D:5:      layout_rooms, nicolae_overflow_hidden_temple,
          mainiacjoe_overflow_small_starburst

Skill      XL: |  1 |
---------------+----+-----
Axes           | 2 |  2.1
Fighting       | |  2.6
Dodging        | |  1.7
Stealth        | |  4.5

Action                     || total
---------------------------++-------
  Melee: Mace              ||    19
  Evoke: Wand              ||     1
    Use: Scroll            ||     1
 Armour: Leather armour    ||     6
  Dodge: Dodged            ||    11

Table legend: (Time is in decaauts)
 A = Elapsed time spent in this place.
 B = Non-inter-level travel time spent in this place.
 C = Inter-level travel time spent in this place.
 D = Time resting spent in this place.
 E = Time spent auto-exploring this place.
 F = Levels seen in this place.
 G = Mean time per level.
                   A        B        C        D        E       F      G
               +--------+--------+--------+--------+--------+-----+--------+
         Total |    297 |    279 |     18 |      7 |      1 |   3 |   99.0 |
       Dungeon |    297 |    279 |     18 |      7 |      1 |   3 |   99.0 |
               +--------+--------+--------+--------+--------+-----+--------+

Top non-repeatable levels by time:
     D:4: 149 daAuts
     D:3: 95 daAuts
     D:5: 53 daAuts
